 Dungeon Crawl Stone Soup version 0.29.1-1-gd02db6906a (webtiles) character file.

Game seed: 9706622059329108561

2253 EvilAshe the Carver (level 9, -20/71 HPs)
             Began as a Human Fighter on Sept 26, 2022.
             Was a Follower of the Shining One.
             Hit by a large rock thrown by a cyclops (26 damage)
             ... on level 7 of the Dungeon.
             The game lasted 00:18:06 (8320 turns).

EvilAshe the Carver (Human Fighter)                 Turns: 8320, Time: 00:18:06

Health: -20/71     AC: 16    Str: 20    XL:     9   Next: 64%
Magic:  10/10      EV:  7    Int:  9    God:    the Shining One [*.....]
Gold:   356        SH:  4    Dex: 13    Spells: 8/8 levels left

rFire   . . .      SeeInvis +   l - +2 long sword
rCold   . . .      Faith    .   c - +0 buckler
rNeg    + . .      Spirit   .   m - +0 storm dragon scales
rPois   .          Reflect  .   (no helmet)
rElec   +          Harm     .   (no cloak)
rCorr   .          Rampage  .   h - +1 pair of gloves
Will    .....                   F - +0 pair of boots
Stlth   ..........              (no amulet)
HPRegen 0.21/turn               n - ring of see invisible
MPRegen 0.12/turn               u - ring of positive energy

@: glowing
A: no striking features
a: Renounce Religion, Divine Shield


You were on level 7 of the Dungeon.
You worshipped the Shining One.
The Shining One was aware of your devotion.
You visited 2 branches of the dungeon, and saw 8 of its levels.

You collected 356 gold pieces.

Inventory:

Hand Weapons
 a - a +1 long sword
 e - a +0 sling
 l - a +2 long sword (weapon)
Missiles
 f - 56 stones (quivered)
 A - a throwing net
 I - 5 javelins
 J - 3 poisoned darts
Armour
 c - a +0 buckler (worn)
 h - a +1 pair of gloves (worn)
 m - +0 storm dragon scales (worn)
 B - a +0 plate armour
 F - a +0 pair of boots (worn)
Jewellery
 n - a ring of see invisible (left hand)
 u - a ring of positive energy (right hand)
Wands
 w - a wand of iceblast (17)
Scrolls
 g - 5 scrolls of vulnerability
 i - a scroll of blinking
 j - a scroll of acquirement {unknown}
 k - a scroll of teleportation
 o - a scroll of butterflies
 q - a scroll of magic mapping {unknown}
 r - 2 scrolls of enchant weapon
 v - a scroll of summoning {unknown}
 y - a scroll of poison {unknown}
 C - a scroll of enchant armour
 G - a scroll of immolation
 H - a scroll of amnesia {unknown}
 L - a scroll of fear {unknown}
 M - a scroll of silence {unknown}
Potions
 d - 2 potions of might
 p - 5 potions of curing
 s - 3 potions of resistance
 t - 2 potions of flight
 x - 2 potions of magic
 z - 2 potions of attraction
 D - a potion of berserk rage {unknown}
 E - a potion of experience {unknown}
 K - 2 potions of degeneration {unknown}


   Skills:
 + Level 6.7 Fighting
 * Level 8.9 Long Blades
 + Level 6.7 Armour
 - Level 3.0 Shields
 + Level 1.3 Invocations


You had 8 spell levels left.
You didn't know any spells.
Your spell library contained the following spells:

 Spells                   Type           Power      Damage    Failure   Level
 Conjure Flame            Conj/Fire      0%         6-21      100%        3
 Gell's Gravitas          Tloc           0%         N/A       100%        3
 Ignite Poison            Fire/Tmut/Pois 0%         N/A       100%        3
 Lesser Beckoning         Tloc           0%         N/A       100%        3
 Teleport Other           Tloc           0%         N/A       100%        3
 Sticky Flame             Conj/Fire      0%         2d3       100%        4


Dungeon Overview and Level Annotations

Branches:
Dungeon (7/15)             Temple (1/1) D:6

Altars:
Ashenzari
Cheibriados
Dithmenos
Elyvilon
Gozag
Hepliaklqana
Kikubaaqudgha
Makhleb
Nemelex Xobeh
Qazlal
Ru
Sif Muna
Trog
Uskayaw
Vehumet
Wu Jian
Xom
Yredelemnul
Zin
The Shining One

Annotations:
D:4 Edmund


Message History

The hornet is moderately wounded.
The hornet stings you but does no damage.
The hornet barely misses you.
You slash the hornet!
The hornet is severely wounded.
The hornet stings you but does no damage.
The hornet stings you!
You are poisoned.
You feel as though you will be slow longer.
The hornet stings you.
You feel as though you will be slow longer.
You hit the hornet.
The hornet is severely wounded.
You feel very sick.
The hornet stings you but does no damage. x2
You slash the hornet!
You kill the hornet!
You feel very sick.
Your Invocations skill increases to level 1!
You drop 3 potions of invisibility.
You feel yourself speed up.
You feel sick.
You start resting.
You feel sick. x4
You are no longer poisoned.
You start resting.
Magic restored.
You start resting.
You feel a little less mighty now.
The slime creature attacks as you move away!
The slime creature hits you but does no damage.
The slime creature attacks as you move away!
The slime creature hits you but does no damage.
The cyclops shouts!
The slime creature attacks as you move away!
The slime creature hits you!
The cyclops throws a large rock.
The large rock hits you!!
* * * LOW HITPOINT WARNING * * *
There is a stone staircase leading up, spattered with blood here.
The cyclops throws a large rock.
The large rock hits you!!
You die...

#...####...........##
##..................## .
#.#.#.##.............###
$.####.#.#...............#
#...!....................##
.#.#######................#
#. #................# #.
#......J....[....# ..
#......@.........##### #.
#....................# .#.#
#..................## ...#
#......[.........### ....
..C...............## ....
...................### ....
.D...................# ....
..................###.#
.... .................## .#


You could see a six-headed hydra (wandering), a slime creature and a cyclops.

Vanquished Creatures
  Pikel (D:6)
  A hornet (D:7)
  2 black bears
  2 ogres
  A centaur (D:7)
  A lemure (D:6)
  A bullfrog (D:6)
  4 wights (D:6)
  A howler monkey (D:6)
  5 hounds
  A jelly (D:6)
  4 orc priests
  2 gnoll boudas (D:5)
  3 iron imps (D:5)
  2 orc wizards (D:3)
  An iguana (D:6)
  10 gnolls
  10 adders
  A river rat (D:6)
  A shadow imp (D:6)
  A white imp (D:5)
  4 worms
  3 dart slugs
  23 orcs
  7 endoplasms
  2 giant cockroaches
  14 goblins
  11 hobgoblins
  4 jackals
  7 kobolds
  A quokka (D:2)
  3 ball pythons
  4 bats
  A frilled lizard (D:1)
  A rat (D:2)
140 creatures vanquished.

Vanquished Creatures (others)
  A human (D:4)
  3 fungi (D:5)
  10 plants
14 creatures vanquished.

Grand Total: 154 creatures vanquished

Notes
Turn   | Place    | Note
-------+----------+-------------------------------------------
     0 | D:1      | EvilAshe the Human Fighter began the quest for the Orb.
     0 | D:1      | Reached XP level 1. HP: 18/18 MP: 1/1
   239 | D:1      | Found a faded altar of an unknown god.
   358 | D:1      | Reached XP level 2. HP: 24/24 MP: 2/2
   764 | D:2      | Reached XP level 3. HP: 29/29 MP: 3/3
   921 | D:2      | Reached skill level 3 in Long Blades
  1194 | D:2      | Reached XP level 4. HP: 35/35 MP: 4/4
  2051 | D:3      | Reached XP level 5. HP: 27/42 MP: 5/5
  2206 | D:3      | Reached skill level 4 in Long Blades
  2975 | D:4      | Found a stormy altar of Qazlal.
  2996 | D:4      | Found an ancient bone altar of Kikubaaqudgha.
  2996 | D:4      | Noticed a human
  2999 | D:4      | Killed a human
  3178 | D:4      | Noticed Edmund
  3393 | D:4      | Reached XP level 6. HP: 45/48 MP: 6/6
  3620 | D:5      | Entered Level 5 of the Dungeon
  3953 | D:5      | Noticed an ogre
  4143 | D:5      | Killed an ogre
  4271 | D:5      | Noticed a black bear
  4291 | D:4      | Reached skill level 5 in Long Blades
  4357 | D:5      | Reached XP level 7. HP: 46/55 MP: 7/7
  5012 | D:6      | Noticed Pikel
  5047 | D:6      | Killed Pikel
  5048 | D:6      | Reached skill level 5 in Fighting
  5048 | D:6      | Reached skill level 6 in Long Blades
  5048 | D:6      | Reached skill level 5 in Armour
  5048 | D:6      | Reached XP level 8. HP: 17/63 MP: 8/8
  5260 | D:6      | Found a staircase to the Ecumenical Temple.
  5265 | Temple   | Entered the Ecumenical Temple
  5327 | Temple   | Became a worshipper of the Shining One
  5449 | D:6      | Reached skill level 7 in Long Blades
  5936 | D:6      | Reached XP level 9. HP: 45/69 MP: 9/9
  5947 | D:6      | Found a radiant altar of Vehumet.
  5948 | D:6      | Found a shimmering blue altar of Sif Muna.
  6155 | D:5      | Reached skill level 8 in Long Blades
  6682 | D:5      | Reached * piety under the Shining One
  6904 | D:5      | Found a burning altar of Makhleb.
  8062 | D:7      | Noticed a slime creature
  8162 | D:7      | Noticed a cyclops
  8232 | D:7      | Noticed a hornet
  8243 | D:7      | Killed a hornet
  8244 | D:7      | Reached skill level 1 in Invocations
  8320 | D:7      | Noticed a six-headed hydra
  8320 | D:7      | Hit by a large rock thrown by a cyclops

Illustrated notes

Levels and vault maps discovered:
D:1:      lightli_arrival_flooded_house, layout_loops_ring,
          chequers_ecumenical_altar_simple
D:2:      cheibrodos_greedy_goblins, layout_rooms, minmay_cupped
D:3:      layout_loops_ring, minmay_pentomino_pile
D:4:      layout_loops_ring, grunt_qazlal_sundering, tgw_kikubaaqudgha,
          serial_bayou_pond_e, serial_bayou_pond_c, uniq_edmund
D:5:      layout_rooms, demons_altar, dreamdust_gnoll_farm
D:6:      layout_rooms, gammafunk_temple_overflow_statue, temple_statues,
          gup_sewer_entry_bowl, uniq_pikel
D:7:      layout_layer_cave, minmay_shattered_shrine
Temple:   nicolae_temple_bog_church

Skill      XL: |  1  2  3  4  5  6  7  8  9 |
---------------+----------------------------+-----
Long Blades    | 3 4 5 6 7 8 |  8.9
Fighting       | 4 5 6 |  6.7
Armour         | 4 5 6 |  6.7
Invocations    | 1 |  1.3
Shields        | |  3.0

Action                   |  1- 3 |  4- 6 |  7- 9 || total
-------------------------+-------+-------+-------++-------
Melee: Long sword        |    82 |   238 |   259 ||   579
Throw: Stone             |     1 |     4 |    14 ||    19
       Javelin           |       |     5 |     1 ||     6
       Dart              |       |       |     3 ||     3
Evoke: Wand              |       |       |     2 ||     2
  Use: Scroll            |       |     8 |     6 ||    14
       Potion            |       |       |     5 ||     5
 Stab: Distracted        |       |     1 |       ||     1
Armor: Scale mail        |    13 |       |       ||    13
       Chain mail        |    33 |   139 |       ||   172
       Plate armour      |       |       |   152 ||   152
       Storm dragon scal |       |       |    27 ||    27
Dodge: Dodged            |    22 |    51 |    68 ||   141
Block: Buckler           |     6 |    36 |    41 ||    83
